 Dungeon Crawl Stone Soup version 0.31-a0-620-gd1cbd99268 (webtiles) character file.

Game seed: 17853933429069269937

298 Crownlay the Slasher (level 6, 0/47 HPs)
             Began as a Demonspawn Monk on Aug 23, 2023.
             Was a Believer of Makhleb.
             Slain by a river rat (4 damage)
             ... summoned by Eustachio
             ... on level 5 of the Dungeon.
             The game lasted 00:03:30 (2999 turns).

Crownlay the Slasher (Demonspawn Monk)              Turns: 2999, Time: 00:03:31

Health: 0/47       AC:  3    Str: 13    XL:     6   Next: 13%
Magic:  0/8        EV: 13    Int: 11    God:    Makhleb [**....]
Gold:   235        SH:  0    Dex: 16    Spells: 5/5 levels left

rFire   + . .        a - +0 falchion
rCold   . . .        d - orb {light}
rNeg    . . .        b - +0 robe
rPois   .            (helmet restricted)
rElec   .            (no cloak)
rCorr   .            (no gloves)
SInv    .            n - +0 pair of boots
Will    +....        C - amulet of guardian spirit
Stlth   +            e - ring of protection from fire
HPRegen 0.27/turn    t - ring of willpower
MPRegen 0.11/turn

%: guardian spirit
@: glowing
A: horns 1, foul stench 1, sturdy frame 1
a: Renounce Religion, Minor Destruction


You were on level 5 of the Dungeon.
You worshipped Makhleb.
Makhleb was pleased with you.
You visited 1 branch of the dungeon, and saw 5 of its levels.

You collected 235 gold pieces.

Inventory:

Hand Weapons
 a - a +0 falchion (weapon)
Missiles
 u - 2 silver javelins
 G - a throwing net
Armour
 b - a +0 robe (worn)
 d - an orb of light (worn)
 n - a +0 pair of boots (worn)
 o - a +0 helmet
Jewellery
 e - a ring of protection from fire (left hand)
 r - a ring of protection from cold
 t - a ring of willpower (right hand)
 x - a ring of flight
 A - a ring of see invisible
 C - an amulet of guardian spirit (around neck)
Wands
 w - a wand of flame (23)
Scrolls
 f - a scroll of fear {unknown}
 g - a scroll of amnesia {unknown}
 l - 2 scrolls of enchant armour {unknown}
 m - 2 scrolls of immolation {unknown}
 q - 2 scrolls of vulnerability {unknown}
 v - a scroll of teleportation {unknown}
 y - a scroll of blinking {unknown}
 B - a scroll of identify {unknown}
 E - a scroll of fog {unknown}
Potions
 c - a potion of ambrosia
 h - 2 potions of cancellation {unknown}
 i - a potion of degeneration {unknown}
 j - a potion of attraction {unknown}
 k - a potion of berserk rage {unknown}
 p - a potion of mutation {unknown}
 s - 2 potions of enlightenment {unknown}
 z - a potion of curing {unknown}
 D - a potion of heal wounds {unknown}
 F - a potion of might {unknown}
 H - a potion of haste {unknown}


   Skills:
 - Level 3.0 Fighting
 + Level 5.1 Long Blades
 + Level 2.2 Throwing
 - Level 2.6 Dodging
 + Level 3.4 Invocations


You had 5 spell levels left.
You didn't know any spells.
Your spell library contained the following spells:

 Spells                   Type           Power      Damage    Failure   Level
 Tukima's Dance           Hex            0%         N/A       71%         3
 Passage of Golubria      Tloc           0%         N/A       98%         4
 Yara's Violent Unravell  Hex/Tmut       0%         3d3       100%        5


Dungeon Overview and Level Annotations

Branches:
Dungeon (5/15)
 Temple: D:4-7

Altars:
Makhleb
Sif Muna

Annotations:
D:5 Eustachio


Innate Abilities, Weirdness & Mutations

You have a pair of small horns on your head.
You may rarely emit foul miasma when damaged in melee.
Your movements are slightly less encumbered by armour. (ER -2)


Message History

You hit Eustachio but do no damage.
Eustachio is heavily wounded.
The ufetubus hits you. The ufetubus misses you. Eustachio barely misses you.
The ufetubus barely misses you. The ufetubus closely misses you.
You closely miss Eustachio. Your headbutt misses Eustachio.
Eustachio is heavily wounded.
The ufetubus misses you. x2; Eustachio hits you with a +0 falchion.
You barely miss Eustachio.
Eustachio is heavily wounded.
The ufetubus closely misses you. x2
Eustachio casts a spell.
The ufetubus barely misses you. The ufetubus misses you.
You hit Eustachio.
Eustachio is heavily wounded.
The ufetubus closely misses you. The ufetubus hits you.
Eustachio screams, "At last I'll have my revenge!"
Eustachio closely misses you.
The river rat bites you but does no damage.
You are too injured to fight recklessly!
You are too injured to fight recklessly!
You hit Eustachio. Your headbutt misses Eustachio.
Eustachio is heavily wounded.
The ufetubus misses you. The ufetubus barely misses you.
Eustachio hits you with a +0 falchion! The ufetubus barely misses you.
The ufetubus hits you but does no damage.
The river rat bites you!
* * * LOW HITPOINT WARNING * * *
You hit Eustachio. Your headbutt misses Eustachio.
Eustachio is severely wounded.
The ufetubus hits you. The ufetubus closely misses you.
Eustachio mumbles some strange words.
Eustachio blinks!
The river rat bites you.
* * * LOW HITPOINT WARNING * * *
You hit the river rat but do no damage. The ufetubus hits you.
* * * LOW HITPOINT WARNING * * *
The ufetubus barely misses you. The ufetubus hits you.
* * * LOW HITPOINT WARNING * * *
The ufetubus hits you but does no damage.
The river rat bites you.
You die...

#####################
#...........#rrr..@..
#.#########.#@#####
#.....#.....#5....#
#######.#.#########.#
#.'.....#...........#
#.#######################
#...#...#### #.####.##.###
###........####......##...#
###...##........#######.###
#...######.........##...##


You could see Eustachio, 2 river rats, an ufetubus (summoned) and a rat
(summoned).

Vanquished Creatures
  A centaur (D:5)
  2 hounds (D:5)
  A sleepcap (D:4)
  Jessica (D:3)
  4 adders
  7 ball pythons
  5 bats
  7 endoplasms
  3 giant cockroaches
  5 goblins
  6 hobgoblins
  4 jackals (D:2)
  9 kobolds
  5 quokkas
  A frilled lizard (D:2)
  6 rats
67 creatures vanquished.

Notes
Turn   | Place    | Note
-------+----------+-------------------------------------------
     0 | D:1      | Crownlay the Demonspawn Monk began the quest for the Orb.
     0 | D:1      | Reached XP level 1. HP: 18/18 MP: 1/1
   126 | D:1      | Reached skill level 3 in Long Blades
   201 | D:1      | Gained mutation: Your movements are slightly less
                  | encumbered by armour. (ER -2) [demonic ancestry]
   201 | D:1      | Reached XP level 2. HP: 12/24 MP: 2/2
   706 | D:2      | Found a faded altar of an unknown god.
   712 | D:2      | Reached XP level 3. HP: 25/29 MP: 3/3
   876 | D:2      | Reached skill level 4 in Long Blades
  1504 | D:3      | Found a shimmering blue altar of Sif Muna.
  1511 | D:3      | Found a burning altar of Makhleb.
  1539 | D:3      | Became a worshipper of Makhleb the Destroyer
  1539 | D:3      | Reached * piety under Makhleb
  1539 | D:3      | Reached ** piety under Makhleb
  1619 | D:3      | Noticed Jessica
  1625 | D:3      | Killed Jessica
  1626 | D:3      | Reached skill level 1 in Invocations
  1626 | D:3      | Reached XP level 4. HP: 31/35 MP: 4/4
  2264 | D:4      | Reached skill level 1 in Throwing
  2469 | D:4      | Gained mutation: You may rarely emit foul miasma when
                  | damaged in melee. [demonic ancestry]
  2469 | D:4      | Reached XP level 5. HP: 41/41 MP: 6/6
  2584 | D:4      | You fall into a shaft and drop 1 floor!
  2584 | D:5      | Entered Level 5 of the Dungeon
  2682 | D:5      | Noticed a centaur
  2693 | D:5      | Killed a centaur
  2694 | D:5      | Reached skill level 5 in Long Blades
  2697 | D:5      | Gained mutation: You have a pair of small horns on your
                  | head. [demonic ancestry]
  2697 | D:5      | Reached XP level 6. HP: 23/47 MP: 3/8
  2984 | D:5      | Noticed Eustachio
  2999 | D:5      | Slain by a river rat

Illustrated notes

Levels and vault maps discovered:
D:1:      nagdon_arrival_double_spiral, layout_rooms, minmay_3d_cube
D:2:      layout_loops_ring, chequers_ecumenical_altar_simple_redux
D:3:      layout_loops_corners, mainiacjoe_overflow_large_starburst,
          uniq_jessica
D:4:      layout_basic
D:5:      layout_rooms, nemelex_diamond_rough_becter, roderic_serpentine_path,
          uniq_blork_the_orc, uniq_eustachio

Skill      XL: |  1  2  3  4  5 |
---------------+----------------+-----
Long Blades    | 3 4 5 |  5.1
Invocations    | 1 2 3 |  3.4
Throwing       | 1 2 |  2.2
Fighting       | |  3.0
Dodging        | |  2.6

Action                     |  1- 3 |  4- 6 || total
---------------------------+-------+-------++-------
  Melee: Falchion          |   114 |    79 ||   193
         Headbutt          |       |     6 ||     6
 Armour: Robe              |    31 |    20 ||    51
  Dodge: Dodged            |    74 |    80 ||   154

Table legend: (Time is in decaauts)
 A = Elapsed time spent in this place.
 B = Non-inter-level travel time spent in this place.
 C = Inter-level travel time spent in this place.
 D = Time resting spent in this place.
 E = Time spent auto-exploring this place.
 F = Levels seen in this place.
 G = Mean time per level.
                   A        B        C        D        E       F      G
               +--------+--------+--------+--------+--------+-----+--------+
         Total |   3012 |   2950 |     62 |      0 |   2476 |   5 |  602.4 |
       Dungeon |   3012 |   2950 |     62 |      0 |   2476 |   5 |  602.4 |
               +--------+--------+--------+--------+--------+-----+--------+

Top non-repeatable levels by time:
     D:3: 828 daAuts
     D:2: 735 daAuts
     D:1: 668 daAuts
     D:5: 416 daAuts
     D:4: 363 daAuts
